 Dungeon Crawl Stone Soup version 0.29-a0-838-g385bb11a5b (webtiles) character file.

Game seed: 14995868857190864560

88 blackman the Insei (level 4, -1/33 HPs)
             Began as a Human Warper on July 13, 2022.
             Slain by an ogre
             ... wielding a +0 giant club
              (34 damage)
             ... on level 4 of the Dungeon.
             The game lasted 00:08:00 (3359 turns).

blackman the Insei (Human Warper)                   Turns: 3359, Time: 00:08:00

Health: -1/33      AC:  3    Str: 13    XL:     4   Next: 82%
Magic:  7/7        EV: 11    Int: 13    God:
Gold:   145        SH:  0    Dex: 13    Spells: 5/7 levels left

rFire   . . .      SeeInvis .     - Unarmed
rCold   . . .      Faith    .   (no shield)
rNeg    . . .      Spirit   .   a - +0 leather armour
rPois   .          Reflect  .   (no helmet)
rElec   .          Harm     .   (no cloak)
rCorr   .          Rampage  .   (no gloves)
Will    .....                   (no boots)
Stlth   +.........              (no amulet)
HPRegen 0.11/turn               (no ring)
MPRegen 0.10/turn               (no ring)

@: no status effects
A: no striking features
a: no special abilities


You were on level 4 of the Dungeon.
You visited 1 branch of the dungeon, and saw 4 of its levels.

You collected 145 gold pieces.

Inventory:

Missiles
 c - 2 boomerangs of dispersal (quivered)
 k - 5 silver boomerangs
 l - a throwing net
 n - 2 boomerangs
Armour
 a - a +0 leather armour (worn)
Jewellery
 q - a ring of flight
Scrolls
 b - 2 scrolls of blinking
 e - a scroll of identify {unknown}
 j - a scroll of amnesia {unknown}
 o - a scroll of teleportation {unknown}
 p - a scroll of vulnerability {unknown}
 r - a scroll of poison {unknown}
Potions
 d - a potion of heal wounds {unknown}
 f - a potion of lignification {unknown}
 g - 2 potions of curing {unknown}
 i - a potion of resistance {unknown}
 m - 3 potions of ambrosia {unknown}
 s - a potion of brilliance {unknown}


   Skills:
 - Level 2.0 Fighting
 - Level 1.0 Throwing
 - Level 1.0 Armour
 - Level 2.0 Dodging
 + Level 4.6 Unarmed Combat
 - Level 2.0 Spellcasting
 - Level 3.0 Translocations


You had 5 spell levels left.
You knew the following spells:

 Your Spells              Type           Power      Damage    Failure   Level
a - Blink                 Tloc           18%        N/A       14%         2

Your spell library contained the following spells:

 Spells                   Type           Power      Damage    Failure   Level
 Gell's Gravitas          Tloc           9%         N/A       28%         3
 Lesser Beckoning         Tloc           9%         N/A       28%         3
 Teleport Other           Tloc           9%         N/A       28%         3
 Sandblast                Erth           2%         2d4       32%         1
 Ensorcelled Hibernation  Hex/Ice        2%         N/A       43%         2
 Passwall                 Tmut/Erth      0%         N/A       43%         2
 Spider Form              Tmut/Pois      1%         N/A       67%         3
 Stone Arrow              Conj/Erth      2%         3d7       67%         3
 Manifold Assault         Tloc           9%         N/A       95%         5
 Anguish                  Hex/Necr       0%         N/A       97%         4


Dungeon Overview and Level Annotations

Branches:
Dungeon (4/15)
 Temple: D:4-7

Altars:

Shops:
D:1 (

Annotations:
D:3 Grinder


Message History

Throw: 5 boomerangs (disperse)
Press: ? - help, Shift-Dir - straight line, f - ogre
Aim: an ogre, wielding a +0 giant club (73% to hit)
Okay, then.
Unknown command.
Unknown command.
Unknown command.
Throw: 5 boomerangs (silver)
Press: ? - help, Shift-Dir - straight line, f - ogre
Aim: an ogre, wielding a +0 giant club (73% to hit)
You throw a silver boomerang. The silver boomerang hits the ogre.
The ogre is moderately wounded.
Throw: 5 boomerangs (silver)
Press: ? - help, Shift-Dir - straight line, f/p - ogre
Aim: an ogre, wielding a +0 giant club (moderately wounded, 73% to hit)
You throw a silver boomerang. The silver boomerang hits the ogre.
The ogre is moderately wounded.
Throw: 5 boomerangs (disperse)
Press: ? - help, Shift-Dir - straight line, f/p - ogre
Aim: an ogre, wielding a +0 giant club (moderately wounded, 73% to hit)
You throw a boomerang of dispersal.
The boomerang of dispersal hits the ogre.
The ogre blinks!
The ogre is moderately wounded.
Throw: 4 boomerangs (disperse)
Press: ? - help, Shift-Dir - straight line, f/p - ogre
Aim: an ogre, wielding a +0 giant club (moderately wounded, 73% to hit)
You throw a boomerang of dispersal.
The boomerang of dispersal hits the ogre but does no damage.
The ogre is moderately wounded.
The ogre closely misses you.
Throw: 3 boomerangs (disperse)
Press: ? - help, Shift-Dir - straight line, f/p - ogre
Aim: an ogre, wielding a +0 giant club (moderately wounded, 73% to hit)
You throw a boomerang of dispersal.
The boomerang of dispersal hits the ogre but does no damage.
The ogre is moderately wounded.
The ogre hits you with a +0 giant club!!
Ouch! That really hurt!
You die...

#### ..#
##### #.#
...# #<#
#.#.###.###.#
..........†.#
#.#####O#####
#@#
#.........#
#.#.#)....#
#.#§..#
#.#...#
..#...# ..
....# ...
.....


You could see an ogre.

Vanquished Creatures
  3 adders
  4 dart slugs
  2 ball pythons
  6 bats
  3 endoplasms
  A giant cockroach (D:1)
  10 goblins
  2 hobgoblins
  2 jackals (D:1)
  3 quokkas
  4 frilled lizards
  4 kobolds
  7 rats
51 creatures vanquished.

Vanquished Creatures (others)
  11 fungi (D:1)
11 creatures vanquished.

Grand Total: 62 creatures vanquished

Notes
Turn   | Place    | Note
-------+----------+-------------------------------------------
     0 | D:1      | blackman the Human Warper began the quest for the Orb.
     0 | D:1      | Reached XP level 1. HP: 16/16 MP: 3/3
   459 | D:1      | Reached XP level 2. HP: 17/22 MP: 5/5
   656 | D:1      | Reached skill level 3 in Unarmed Combat
   740 | D:1      | Learned a level 2 spell: Blink
   927 | D:1      | Reached XP level 3. HP: 22/27 MP: 6/6
  1005 | D:1      | Found Beycwoci's Antique Weapon Shoppe.
  1178 | D:1      | Found a faded altar of an unknown god.
  1480 | D:2      | Reached skill level 4 in Unarmed Combat
  1480 | D:2      | Reached XP level 4. HP: 18/33 MP: 7/7
  3002 | D:3      | Noticed Grinder
  3013 | D:3      | Paralysed by Grinder for 5 turns
  3354 | D:4      | Noticed an ogre
  3359 | D:4      | Slain by an ogre

Illustrated notes

Levels and vault maps discovered:
D:1:      scummos_arrival_checkerplants, layout_loops_corners,
          hellmonk_ecumenical_altar_crossroads, serial_shops, shop
D:2:      layout_rooms, lightli_corner_chamber
D:3:      layout_loops_corners, nicolae_ru_path_of_blood, uniq_grinder
D:4:      layout_loops_corners, moated_statue, uniq_robin

Skill      XL: |  1  2  3 |
---------------+----------+-----
Unarmed Combat | 3 4 |  4.6
Fighting       | |  2.0
Throwing       | |  1.0
Armour         | |  1.0
Dodging        | |  2.0
Spellcasting   | |  2.0
Translocations | |  3.0

Action                   |  1- 3 |  4- 6 || total
-------------------------+-------+-------++-------
Melee: Unarmed           |   116 |    57 ||   173
       Punch             |       |     3 ||     3
Throw: Boomerang         |       |    13 ||    13
       Dart              |       |     2 ||     2
 Cast: Blink             |     1 |       ||     1
 Stab: Sleeping          |     1 |     1 ||     2
Armor: Leather armour    |    31 |    13 ||    44
Dodge: Dodged            |    88 |    25 ||   113

Table legend: (Time is in decaauts)
 A = Elapsed time spent in this place.
 B = Non-inter-level travel time spent in this place.
 C = Inter-level travel time spent in this place.
 D = Time resting spent in this place.
 E = Time spent auto-exploring this place.
 F = Levels seen in this place.
 G = Mean time per level.
                   A        B        C        D        E       F      G
               +--------+--------+--------+--------+--------+-----+--------+
         Total |   3351 |   3310 |     41 |    820 |   2107 |   4 |  837.8 |
       Dungeon |   3351 |   3310 |     41 |    820 |   2107 |   4 |  837.8 |
               +--------+--------+--------+--------+--------+-----+--------+

Top non-repeatable levels by time:
     D:1: 1409 daAuts
     D:2: 1079 daAuts
     D:3: 847 daAuts
     D:4: 14 daAuts
